 Dungeon Crawl Stone Soup version bcrawl-1.15-1-g696c4cd9b6 (webtiles) character file.

Game seed: 18229973155335061220

9239 Chiseanne the Thaumaturge (level 11, -3/87 HPs)
             Began as a Mummy Archaeologist on Sept 22, 2019.
             Was a Priest of Nemelex Xobeh.
             Slain by a wraith (9 damage)
             ... led by Josephine
             ... on level 9 of the Dungeon on Sept 23, 2019.
             The game lasted 00:25:43 (9730 turns).

Chiseanne the Thaumaturge (Mummy Archaeologist)     Turns: 9730, Time: 00:25:43

Health: -3/87      AC: 11    Str: 18    XL:     11   Next: 20%
Magic:  24/24      EV: 16    Int: 15    God:    Nemelex Xobeh [***...]
Gold:   371        SH:  0    Dex: 13    Spells: 24/28 levels left

rFire    . . .     SeeInvis .   a - +5 scythe "Finisher" {speed, eviscerate}
rCold    + . .     Gourm    .   (shield currently unavailable)
rNeg     + + +     Faith    .   G - +2 troll leather armour
rPois    ∞         Spirit   .   v - +0 helmet
rElec    .         Reflect  .   E - +0 cloak
rCorr    .         Harm     .   o - +0 pair of gloves
MR       +....     Clarity  +   d - +1 pair of boots
Stlth    ++........             (no amulet)
HPRegen  0.64/turn              r - +4 ring of strength
MPRegen  0.19/turn              n - ring of protection from fire

@: slowed, very slow
A: no food or potions, fire vulnerability, clarity, cold resistance 1, negative
energy resistance 3, torment resistance, unbreathing
a: Draw Escape, Draw Destruction, Draw Summoning, Triple Draw, Renounce Religion


You were on level 9 of the Dungeon.
You worshipped Nemelex Xobeh.
Nemelex Xobeh was most pleased with you.
You were not hungry.

You visited 1 branch of the dungeon, and saw 10 of its levels.

You collected 794 gold pieces.
You spent 423 gold pieces at shops.

Inventory:

Hand Weapons
 a - the +5 scythe "Finisher" (weapon) {speed, eviscerate} Attacks with this weapon are significantly faster.
 h - a +3 quarterstaff of chaos
 m - a +0 vampiric halberd
 w - a +3 hunting sling
 C - a +1 dire flail of protection
Missiles
 b - 437 tomahawks
 i - 93 silver javelins
 j - 729 sling bullets
 k - 1366 stones (quivered)
 u - 697 poisoned needles
 y - 1354 arrows
 A - 357 bolts
 D - 16 curare-tipped needles
Armour
 c - a +0 shield
 d - a +1 pair of boots (worn)
 g - a +0 large shield
 o - a +0 pair of gloves (worn)
 v - a +0 helmet (worn)
 E - a +0 cloak (worn)
 G - a +2 troll leather armour (worn)
Magical Staves
 J - an uncursed staff of cold
Jewellery
 n - a ring of protection from fire (right hand)
 r - a +4 ring of strength (left hand)
 s - an uncursed ring of magical power
 x - an uncursed ring of insulation
 I - a cursed ring of teleportation {unknown}
Wands
 f - a wand of paralysis (3)
 z - a wand of flame (17)
 F - a wand of polymorph (8)
 K - a wand of iceblast (9)
Scrolls
 e - 2 scrolls of enchant weapon
 l - a scroll of amnesia
 p - 16 scrolls of identify
 q - 9 scrolls of remove curse
 t - 3 scrolls of teleportation
 B - a scroll of immolation
 H - a scroll of fear


   Skills:
 * Level 8.8 Fighting
 - Level 0.7 Maces & Flails
 * Level 9.3 Polearms
 * Level 7.7 Dodging
 - Level 2.6 Stealth
 * Level 9.4 Spellcasting


You had 24 spell levels left.
You knew the following spells:

 Your Spells              Type           Power        Failure   Level  Hunger
a - Animate Skeleton      Necr           N/A          12%         1    N/A
b - Vampiric Draining     Necr           #.........   36%         3    N/A

Your spell library contained the following spells:

 Spells                   Type           Power        Failure   Level  Hunger
 Pain                     Necr           #...         12%         1    N/A
 Animate Dead             Necr           N/A          77%         4    N/A
 Bolt of Draining         Conj/Necr      #.........   98%         5    N/A
 Regeneration             Chrm/Necr      Unusable     N/A         3    N/A

Dungeon Overview and Level Annotations

Branches:
Dungeon (10/12)            Temple (0/1) D:6            Lair (0/6) D:7
    Orc (0/1) D:9

Altars:
Ashenzari
Dithmenos
Gozag
Hepliaklqana
Lugonu
Makhleb
Nemelex Xobeh
Sif Muna
Uskayaw
Vehumet
Wu Jian
Xom
Yredelemnul
The Shining One

Shops:
D:4 :   D:7 [*

Annotations:
D:6 2 runed translucent doors, cunnyseurTrue's ghost, novice HOFi


Innate Abilities, Weirdness & Mutations

You do not eat or drink.
Your flesh is vulnerable to fire.
You are immune to poison.
You possess an exceptional clarity of mind.
Your flesh is cold resistant. (rC+)
You are immune to negative energy. (rN+++)
You are immune to unholy pain and torment.
You can survive without breathing.


Message History

The wraith is heavily damaged.
The wraith closely misses you.
You closely miss the wraith.
The wraith is heavily damaged.
The wraith hits you!
* * * LOW HITPOINT WARNING * * *
The wraith drains your vigour!
You feel as though you will be slow longer.
The wraith completely misses you.
You hit the wraith.
The wraith is severely damaged.
The wraith hits you.
* * * LOW HITPOINT WARNING * * *
The wraith drains your vigour!
You feel as though you will be slow longer.
The wraith hits you but does no damage.
You draw a card...
You have drawn the Pentagram.
The wraith misses you. The wraith hits you!
You die...
Your body glows with a rainbow of weird colours and disappears.

..##.....##..........#..........#
..##.....##...###############...#
.........#########..###...###...#
####.............................
..##.....<.......................
..#...[..........................
..#............................>#
..#...............4.............#
..#.............@W...............
..##.....##......h...............
..##.....##...##.##.####...##...#
...#.....#######.##.####...##...#
...#.............#...............
...#.............#...............
...#.............#..............#
...#.............#...............
...#.....##...#####.####...#####.


You could see a wraith, a friendly red devil and a friendly hell hound.

Vanquished Creatures
  Josephine (D:10)
  Pikel (D:7)
  A centaur zombie (D:10)
  5 trolls
  3 hippogriffs
  A spriggan (D:7)
  2 wraiths (D:9)
  A wyvern (D:7)
  2 basilisks (D:7)
  8 yaks
  A water moccasin (D:5)
  3 sky beasts
  A black bear (D:7)
  An orc warrior (D:6)
  A slave (D:7)
  A necrophage (D:7)
  An ice beast (D:6)
  3 ogres
  2 phantoms
  7 centaurs
  4 bullfrogs
  A scorpion (D:5)
  9 wights
  2 howler monkeys
  2 crimson imps (D:6)
  2 bullfrog zombies
  2 hounds
  5 orc priests
  A centaur skeleton (D:5)
  A bullfrog skeleton (D:2)
  2 jellies
  11 orc wizards
  Crazy Yiuf (D:7)
  3 iguanas
  A worker ant (D:3)
  2 hound zombies
  8 adders
  A shadow imp (D:8)
  2 oozes
  An adder skeleton (D:7)
  An adder zombie (D:7)
  3 worms
  3 dart slugs (D:2)
  9 leopard geckos
  32 orcs
  2 ball pythons
  5 bats
  4 giant cockroaches
  2 gnoll zombies (D:3)
  A goblin (D:1)
  11 hobgoblins
  5 jackals
  10 kobolds
  2 quokkas
  7 frilled lizards
  5 rats
209 creatures vanquished.

Vanquished Creatures (collateral kills)
  An ugly thing (D:8)
  A troll (D:7)
  A hippogriff (D:7)
  A yak (D:4)
  A bullfrog (D:8)
  A worker ant (D:8)
  An orc (D:7)
7 creatures vanquished.

Vanquished Creatures (others)
  A ball lightning (D:10)
1 creature vanquished.

Grand Total: 217 creatures vanquished

Notes
Turn   | Place    | Note
-------+----------+-------------------------------------------
     0 | D:1      | Chiseanne the Mummy Archaeologist began the quest for the
                  | Orb.
     0 | D:1      | Reached XP level 1. HP: 15/15 MP: 1/1
    88 | D:1      | Reached XP level 2. HP: 13/21 MP: 2/2
   813 | D:1      | Reached XP level 3. HP: 24/27 MP: 3/3
   972 | D:2      | Reached skill level 1 in Polearms
  1077 | D:2      | Found a shadowy altar of Dithmenos.
  1835 | D:2      | Reached XP level 4. HP: 16/33 MP: 4/4
  2079 | D:2      | Found a shimmering blue altar of Sif Muna.
  2599 | D:3      | Reached XP level 5. HP: 38/38 MP: 5/5
  2641 | D:3      | Reached skill level 5 in Polearms
  3122 | D:3      | Found a basalt altar of Yredelemnul.
  3241 | D:4      | Reached XP level 6. HP: 16/45 MP: 6/6
  3612 | D:4      | Found a sparkling altar of Nemelex Xobeh.
  3661 | D:4      | Became a worshipper of Nemelex Xobeh the Trickster
  3673 | D:4      | Found Uroethro's Book Shoppe.
  3673 | D:4      | Noticed a sky beast
  3683 | D:4      | Killed a sky beast
  3692 | D:4      | Received a gift from Nemelex Xobeh
  3703 | D:4      | Reached XP level 7. HP: 33/52 MP: 7/7
  3705 | D:4      | Bought a book of Necromancy for 360 gold pieces
  3708 | D:4      | Learned a level 1 spell: Animate Skeleton
  3929 | D:4      | Found a corrupted altar of Lugonu.
  3989 | D:4      | Reached skill level 1 in Spellcasting
  4315 | D:4      | Found a hazy altar of Hepliaklqana.
  4453 | D:5      | Entered Level 5 of the Dungeon
  4584 | D:4      | Upgraded the game from bcrawl-1.15 to
                  | bcrawl-1.15-1-g696c4cd9b6
  4588 | D:5      | Reached * piety under Nemelex Xobeh
  4606 | D:5      | Reached XP level 8. HP: 53/60 MP: 10/12
  4982 | D:4      | Reached skill level 5 in Fighting
  5171 | D:4      | Reached skill level 5 in Dodging
  5453 | D:5      | Reached skill level 5 in Spellcasting
  5688 | D:6      | Found a radiant altar of Vehumet.
  5689 | D:6      | Found a burning altar of Makhleb.
  5692 | D:6      | Reached XP level 9. HP: 68/68 MP: 16/16
  5743 | D:6      | Received a gift from Nemelex Xobeh
  5943 | D:6      | Found a glowing golden altar of the Shining One.
  6029 | D:6      | Found a staircase to the Ecumenical Temple.
  6033 | D:6      | Noticed a +0 dagger
  6037 | D:6      | Found a hide-covered altar of Uskayaw.
  6037 | D:6      | Noticed a +0 hand axe
  6399 | D:6      | Found a large runed translucent door.
  6399 | D:6      | Found a large runed translucent door.
  6400 | D:6      | Noticed cunnyseurTrue's ghost (novice HOFi)
  6624 | D:7      | Found Hoamonau's Armour Boutique.
  7156 | D:7      | Noticed a troll
  7163 | D:7      | HP: 3/71 [troll (11)]
  7171 | D:7      | Killed a troll
  7484 | D:7      | Bought a +0 cloak for 63 gold pieces
  7514 | D:7      | Found an ornate altar of the Wu Jian Council.
  7617 | D:7      | Found a staircase to the Lair.
  7640 | D:7      | Reached XP level 10. HP: 59/79 MP: 20/20
  7758 | D:7      | Found a runed door.
  7790 | D:7      | Found Xiote's Assorted Antiques.
  7807 | D:7      | Found a basalt altar of Yredelemnul.
  7841 | D:7      | Reached ** piety under Nemelex Xobeh
  7841 | D:7      | Noticed Pikel
  7850 | D:7      | Killed Pikel
  7997 | D:7      | Found a shattered altar of Ashenzari.
  8345 | D:7      | Noticed Crazy Yiuf
  8349 | D:7      | Killed Crazy Yiuf
  8471 | D:8      | Noticed a purple ugly thing
  8485 | D:8      | Killed a purple ugly thing
  8674 | D:8      | Received a gift from Nemelex Xobeh
  8882 | D:8      | Found an opulent altar of Gozag.
  8950 | D:8      | Learned a level 3 spell: Vampiric Draining
  9303 | D:9      | Reached XP level 11. HP: 79/87 MP: 24/24
  9324 | D:9      | Received a gift from Nemelex Xobeh
  9353 | D:9      | Reached *** piety under Nemelex Xobeh
  9591 | D:9      | Found a staircase to the Orcish Mines.
  9604 | D:9      | Found a shimmering altar of Xom.
  9616 | D:9      | Received a gift from Nemelex Xobeh
  9676 | D:10     | Entered Level 10 of the Dungeon
  9681 | D:10     | Noticed Josephine
  9692 | D:10     | Killed Josephine
  9730 | D:9      | Slain by a wraith

Skill      XL: |  1  2  3  4  5  6  7  8  9 10 |
---------------+-------------------------------+-----
Fighting       | 2 3 4 5 7 8 |  8.8
Dodging        | 3 4 5 6 7 |  7.7
Polearms       | 3 4 5 6 7 8 9 |  9.3
Spellcasting   | 2 5 7 9 |  9.4
Maces & Flails | |  0.7
Stealth        | |  2.6

Action                   |  1- 3 |  4- 6 |  7- 9 | 10-12 || total
-------------------------+-------+-------+-------+-------++-------
Melee: Whip              |    97 |       |       |       ||    97
       Hand axe          |    64 |    16 |       |       ||    80
       Mace              |       |   102 |       |       ||   102
       Scythe            |       |    82 |   237 |   157 ||   476
Throw: Stone             |       |       |     1 |       ||     1
 Cast: Animate Skeleton  |       |       |     5 |    11 ||    16
 Abil: Draw Summoning    |       |       |     1 |     2 ||     3
       Draw Escape       |       |       |     1 |       ||     1
       Draw Destruction  |       |       |       |     5 ||     5
Evoke: Wand              |       |       |     1 |     4 ||     5
  Use: Scroll            |     8 |       |     3 |     4 ||    15
 Stab: Sleeping          |     2 |       |     2 |     1 ||     5
       Paralysed         |       |       |     1 |     4 ||     5
       Distracted        |       |       |       |     1 ||     1
Armor: Robe              |     6 |       |       |       ||     6
       Ring mail         |    57 |    78 |    92 |       ||   227
       Troll leather arm |       |       |       |    44 ||    44
Dodge: Dodged            |    96 |   138 |   160 |   178 ||   572
